 Dungeon Crawl Stone Soup version 0.20-a0-1006-ge6c5631 (webtiles) character file.

53 Hybris the Slasher (level 4, 0/35 HPs)
             Began as a Human Fighter on Apr 13, 2017.
             Slain by a goblin (5 damage)
             ... led by Robin
             ... on level 2 of the Dungeon.
             The game lasted 00:02:17 (949 turns).

Hybris the Slasher (Human Fighter)                   Turns: 949, Time: 00:02:18

Health: 0/35       AC:  8    Str: 18    XL:     4   Next: 10%
Magic:  4/4        EV:  7    Int:  8    God:
Gold:   67         SH: 10    Dex: 12    Spells: 3/3 levels left

rFire    . . .     SeeInvis .   p - -3 hunting sling (curse)
rCold    + . .     Gourm    .   c - +1 shield
rNeg     . . .     Faith    .   b - +0 scale mail
rPois    .         Spirit   .   (no helmet)
rElec    .         Reflect  .   (no cloak)
rCorr    .         Harm     .   (no gloves)
MR       .....                  (no boots)
Stlth    ..........             (no amulet)
Regen    0.2/turn               i - ring of protection from cold
MPRegen  0.1/turn               (no ring)

@: no status effects
A: hooves 1, slimy green scales 1
a: no special abilities


You were on level 2 of the Dungeon.
You were not hungry.

You visited 1 branch of the dungeon, and saw 2 of its levels.

You collected 67 gold pieces.

Inventory:

Hand Weapons
 a - a +0 long sword
 p - a cursed -3 hunting sling (weapon)
Missiles
 n - a throwing net
 o - 3 stones (quivered)
Armour
 b - a +0 scale mail (worn)
 c - a +1 shield (worn)
Jewellery
 i - a ring of protection from cold (left hand)
Scrolls
 k - a scroll of identify
Potions
 d - a potion of might
 e - a potion of cancellation {unknown}
 g - a potion of curing {unknown}
 j - 2 potions of flight {unknown}
 l - a potion of brilliance {unknown}
Comestibles
 f - a bread ration
 h - 2 chunks of flesh


   Skills:
 + Level 3.3 Fighting
 * Level 3.7 Long Blades
 - Level 3.0 Armour
 - Level 3.0 Shields


You had 3 spell levels left.
You didn't know any spells.

Dungeon Overview and Level Annotations

Branches:
Dungeon (2/15)

Altars:

Annotations:
D:2 Robin


Innate Abilities, Weirdness & Mutations

You have large cloven feet.
You are partially covered in slimy green scales. (AC +2)


Message History

Something throws the goblin at you! You block the goblin's attack.
Really attack while wielding your cursed -3 hunting sling? [Y]es or [N]o only, please.
Really attack while wielding your cursed -3 hunting sling? [Y]es or [N]o only, please.
Really attack while wielding your cursed -3 hunting sling?
Okay, then.
You block the goblin's attack. You block something's attack.
You see here 2 stones.
You block the hobgoblin's attack. You block the goblin's attack.
Something hits you.
* * * LOW HITPOINT WARNING * * *
An adder comes into view.
The adder hisses angrily.
Something throws the goblin at you!
Found a dented bronze amulet.
The goblin barely misses you. You block the hobgoblin's attack.
You block the goblin's attack. The goblin hits you.
You die...

#..####.######.###....
#.........†...# #....
#####.##..##### ##...
#.##...# ##..
#.##.#... ##.
#(#g.##### #. ..###
#g.)(.((#
#.....####g###.)(
#S.@gg.# ###gg..#
#.##..# ...###.# #.###
... #.. #### #. #"


You could see an adder, 2 hobgoblins and 3 goblins.

Vanquished Creatures
  An adder (D:2)
  An ooze (D:2)
  A dart slug (D:1)
  A giant cockroach (D:2)
  7 goblins
  7 hobgoblins (D:1)
  4 jackals (D:2)
  2 ball pythons
  6 bats
  3 frilled lizards (D:1)
  2 rats
35 creatures vanquished.

Notes
Turn   | Place    | Note
-------+----------+-------------------------------------------
     0 | D:1      | Hybris the Human Fighter began the quest for the Orb.
     0 | D:1      | Reached XP level 1. HP: 18/18 MP: 1/1
   141 | D:1      | Reached XP level 2. HP: 24/24 MP: 2/2
   537 | D:1      | Reached XP level 3. HP: 24/29 MP: 3/3
   591 | D:1      | You fall through a shaft!
   777 | D:1      | Gained mutation: You have large cloven feet. [potion of mutation]
   777 | D:1      | Gained mutation: You are partially covered in slimy green scales. (AC +2) [potion of mutation]
   924 | D:2      | Reached XP level 4. HP: 30/35 MP: 4/4
   928 | D:2      | Noticed Robin
   949 | D:2      | Slain by a goblin

Vault maps used:
D:1:      dpeg_arrival_radiant
D:2:      first_bread, uniq_robin, uniq_sigmund

Skill      XL: |  1  2 |
---------------+-------+-----
Long Blades    | 3 |  3.7
Fighting       | |  3.3
Armour         | |  3.0
Shields        | |  3.0

Action                   |  1- 3 |  4- 6 || total
-------------------------+-------+-------++-------
Melee: Long sword        |    69 |       ||    69
 Fire: Hunting sling     |    31 |    15 ||    46
  Use: Scroll            |     3 |       ||     3
       Potion            |     1 |       ||     1
Armor: Scale mail        |    38 |    16 ||    54
Dodge: Dodged            |    26 |     9 ||    35
Block: Shield            |    46 |    22 ||    68
       Rpst.: Long sword |     9 |       ||     9
